 Dungeon Crawl Stone Soup version 0.27-a0-765-ge4d627daa3 (webtiles) character file.

Game seed: 12804154399890884611

95 rageheart7 the Ogre Mage (level 4, -1/41 HPs)
             Began as an Ogre Earth Elementalist on Mar 25, 2021.
             Slain by an orc
             ... wielding a +0 trident
              (4 damage)
             ... on level 3 of the Dungeon.
             The game lasted 00:04:38 (3550 turns).

rageheart7 the Ogre Mage (Ogre Earth Elementalist)  Turns: 3550, Time: 00:04:39

Health: -1/41      AC:  9    Str: 13    XL:     4   Next: 66%
Magic:  3/10       EV:  6    Int: 16    God:
Gold:   101        SH:  0    Dex:  9    Spells: 7/11 levels left

rFire    + + .     SeeInvis .   (no weapon)
rCold    x . .     Faith    .   (no shield)
rNeg     . . .     Spirit   .   h - +0 fire dragon scales
rPois    .         Reflect  .   (helmet restricted)
rElec    .         Harm     .   (no cloak)
rCorr    .         Rampage  .   (gloves unavailable)
Will     .....                  (boots unavailable)
Stlth    ..........             (no amulet)
HPRegen  0.13/turn              (no ring)
MPRegen  0.12/turn              (no ring)

@: very slightly contaminated
A: large, unfitting armour, tough skin 1
a: no special abilities


You were on level 3 of the Dungeon.
You visited 1 branch of the dungeon, and saw 3 of its levels.

You collected 101 gold pieces.

Inventory:

Missiles
 b - 43 stones
Armour
 h - +0 fire dragon scales (worn)
Wands
 e - a wand of polymorph (6)
Scrolls
 a - 3 scrolls of identify
 d - a scroll of teleportation {unknown}
Potions
 f - a potion of brilliance


   Skills:
 * Level 1.3 Fighting
 - Level 1.7 Dodging
 - Level 1.4 Stealth
 * Level 4.0 Spellcasting
 - Level 0.8 Transmutations
 * Level 3.7 Earth Magic


You had 7 spell levels left.
You knew the following spells:

 Your Spells              Type           Power      Damage    Failure   Level
a - Sandblast             Erth           30%        2d9       26%         1
b - Stone Arrow           Conj/Erth      18%        3d8       86%         3

Your spell library contained the following spells:

 Spells                   Type           Power      Damage    Failure   Level
 Passwall                 Tmut/Erth      8%         N/A       56%         2
 Petrify                  Tmut/Erth      10%        N/A       99%         4
 Lee's Rapid Deconstruct  Erth           7%         3d8*      100%        5


Dungeon Overview and Level Annotations

Branches:
Dungeon (3/15)

Altars:
Makhleb


Innate Abilities, Weirdness & Mutations

You are too large for most types of armour.
You have tough skin. (AC +1)


Message History

You miscast Sandblast.
Nothing appears to happen.
The orc hits you with a +0 club.
* * * LOW HITPOINT WARNING * * *
The orc hits you but does no damage.
Aiming: Sandblast (safe; 26% risk of failure)
Press: ? - help, Q - select action, (/) - cycle Shift-Dir - straight line, f/p - orc
Aim: an orc, wielding a +0 club and wearing a +0 ring mail (heavily wounded, 18% to evade)
You miscast Sandblast.
Nothing appears to happen.
The orc hits you but does no damage. The orc barely misses you.
Aiming: Sandblast (safe; 26% risk of failure)
Press: ? - help, Q - select action, (/) - cycle Shift-Dir - straight line, f/p - orc
Aim: an orc, wielding a +0 club and wearing a +0 ring mail (heavily wounded, 18% to evade)
The blast of sand hits the orc.
The orc is severely wounded.
The orc hits you but does no damage. The orc barely misses you.
Aiming: Sandblast (safe; 26% risk of failure)
Press: ? - help, Q - select action, (/) - cycle Shift-Dir - straight line, f/p - orc
Aim: an orc, wielding a +0 club and wearing a +0 ring mail (severely wounded, 18% to evade)
You miscast Sandblast.
Nothing appears to happen.
The orc hits you but does no damage. x2
Your fire dragon scales prevents you from hitting the orc.
The orc is severely wounded.
The orc hits you with a +0 club.
* * * LOW HITPOINT WARNING * * *
The orc hits you from afar with a +0 trident.
* * * LOW HITPOINT WARNING * * *
Unknown command.
Aiming: Sandblast (safe; 26% risk of failure)
Press: ? - help, Q - select action, (/) - cycle Shift-Dir - straight line, f/p - orc
Aim: an orc, wielding a +0 club and wearing a +0 ring mail (severely wounded, 18% to evade)
You miscast Sandblast.
Nothing appears to happen.
The orc hits you but does no damage. The orc barely misses you.
Aiming: Sandblast (safe; 26% risk of failure)
Press: ? - help, Q - select action, (/) - cycle Shift-Dir - straight line, f - orc, p - orc
Aim: an orc, wielding a +0 trident (21% to evade)
You miscast Sandblast.
Nothing appears to happen.
The orc hits you with a +0 club.
* * * LOW HITPOINT WARNING * * *
The orc hits you from afar with a +0 trident.
You die...

#...............#.###.#### .
#........########..##.####
#... #.............#
##.##.....
#...####.#####.#...#.#
#..#.#### ##......# #.###.#.#
##......# #.......##
#.....#'### #...##.#
#........# #..o......#
#...##.# #........#
#.........# #...##.#
#........# #.#@o.....#
#...##.# #........#
#.#.###'### #..>...#
..........#### #.#
#.#####.######
##.##.#......#.#.#
#.#...#.#.<..#
.....#.#..#.#.#.#
#.#.#.#.#..#.#
.##......#.#.#.#
#.#.#.#.#....# #.#.#..#.#.#.#
#..<..#.#†####
...#.#..#.#.#.#########.#.####
.## #
#....#.#....#......#.....


You could see 2 orcs.

Vanquished Creatures
  A hound (D:2)
  An adder (D:2)
  A worm (D:3)
  2 orcs (D:3)
  2 bats (D:1)
  3 endoplasms
  5 giant cockroaches
  5 goblins
  4 hobgoblins
  4 jackals (D:2)
  2 quokkas
  6 ball pythons
  4 frilled lizards
  6 kobolds
  4 rats
50 creatures vanquished.

Notes
Turn   | Place    | Note
-------+----------+-------------------------------------------
     0 | D:1      | rageheart7 the Ogre Earth Elementalist began the quest for
                  | the Orb.
     0 | D:1      | Reached XP level 1. HP: 16/16 MP: 3/3
   516 | D:1      | Reached XP level 2. HP: 7/26 MP: 1/5
  1373 | D:1      | Reached skill level 3 in Spellcasting
  1374 | D:1      | Reached XP level 3. HP: 16/32 MP: 2/7
  1802 | D:2      | Learned a level 3 spell: Stone Arrow
  1824 | D:2      | Reached skill level 1 in Fighting
  2569 | D:2      | Found a burning altar of Makhleb.
  2576 | D:2      | Reached XP level 4. HP: 36/41 MP: 6/9
  2864 | D:3      | Reached skill level 4 in Spellcasting
  3550 | D:3      | Slain by an orc

Illustrated notes

Levels and vault maps discovered:
D:1:      wander_arrival_estate, layout_loops_ring, minmay_tetromino_o4
D:2:      layout_loops_ring, makhleb_blood_cavern_becter
D:3:      layout_basic, nrook_loot_triangle,
          nicolae_dithmenos_through_a_glass_darkly

Skill      XL: |  1  2  3  4 |
---------------+-------------+-----
Earth Magic    | 3 |  3.7
Spellcasting   | 3 4 |  4.0
Fighting       | 1 |  1.3
Dodging        | |  1.7
Stealth        | |  1.4
Transmutations | |  0.8

Action                   |  1- 3 |  4- 6 || total
-------------------------+-------+-------++-------
Melee: Unarmed           |    75 |    63 ||   138
 Cast: Sandblast         |    51 |    11 ||    62
  Use: Scroll            |     3 |       ||     3
 Stab: Sleeping          |     3 |       ||     3
Armor: Robe              |    37 |     2 ||    39
       Fire dragon scale |       |    56 ||    56
Dodge: Dodged            |    54 |    26 ||    80

Table legend: (Time is in decaauts)
 A = Elapsed time spent in this place.
 B = Non-inter-level travel time spent in this place.
 C = Inter-level travel time spent in this place.
 D = Time resting spent in this place.
 E = Time spent auto-exploring this place.
 F = Levels seen in this place.
 G = Mean time per level.
                   A        B        C        D        E       F      G
               +--------+--------+--------+--------+--------+-----+--------+
         Total |   3549 |   3531 |     18 |    520 |   2614 |   3 | 1183.0 |
       Dungeon |   3549 |   3531 |     18 |    520 |   2614 |   3 | 1183.0 |
               +--------+--------+--------+--------+--------+-----+--------+

Top non-repeatable levels by time:
     D:1: 1664 daAuts
     D:2: 1045 daAuts
     D:3: 839 daAuts
